 Seeded DCSS version 0.28-a0-726-g4a9143789a (webtiles) character file.

Game seed: 1962 (custom seed)

28 dracfodder the Skirmisher (level 3, -10/30 HPs)
             Began as a Formicid Abyssal Knight on Oct 27, 2021.
             Was a Follower of Lugonu.
             Mangled by an ogre (14 damage)
             ... on level 3 of the Dungeon.
             The game lasted 00:04:44 (1649 turns).

dracfodder the Skirmisher (Formicid Abyssal Knight) Turns: 1649, Time: 00:04:45

Health: -10/30     AC:  4    Str: 18    XL:     3   Next: 27%
Magic:  4/4        EV: 11    Int:  9    God:    Lugonu [*.....]
Gold:   112        SH:  0    Dex: 11    Spells: 2/2 levels left

rFire   . . .      SeeInvis +   a - +2 hand axe
rCold   . . .      Faith    .   (no shield)
rNeg    . . .      Spirit   .   b - +1 leather armour
rPois   .          Reflect  .   (helmet unavailable)
rElec   .          Harm     .   (no cloak)
rCorr   .          Rampage  .   (no gloves)
Will    .....                   (no boots)
Stlth   +.........              (no amulet)
HPRegen 0.10/turn               (no ring)
MPRegen 0.09/turn               (no ring)

@: no status effects
A: permanent stasis, dig shafts and tunnels, antennae 3, four strong arms
a: Dig, Shaft Self, Renounce Religion, Depart the Abyss


You were on level 3 of the Dungeon.
You worshipped Lugonu.
Lugonu was aware of your devotion.
You visited 1 branch of the dungeon, and saw 3 of its levels.
You visited the Abyss 1 time.

You collected 112 gold pieces.

Inventory:

Hand Weapons
 a - a +2 hand axe (weapon)
Missiles
 c - 22 poisoned darts
 d - 25 arrows
 e - 17 bolts
 i - 15 stones
Armour
 b - a +1 leather armour (worn)
Potions
 f - a potion of might {unknown}
 g - a potion of lignification {unknown}
 h - a potion of brilliance {unknown}
 j - a potion of cancellation {unknown}


   Skills:
 + Level 4.0 Fighting
 + Level 2.3 Axes
 + Level 2.4 Armour
 + Level 1.0 Dodging
 + Level 0.3 Stealth
 + Level 2.4 Invocations


You had 2 spell levels left.
You didn't know any spells.
Your spell library contained the following spells:

 Spells                   Type           Power      Damage    Failure   Level
 Dazzling Flash           Conj/Hex       0%         N/A       82%         3
 Agony                    Necr           0%         N/A       100%        5
 Silence                  Hex/Air        0%         N/A       100%        5


Dungeon Overview and Level Annotations

Branches:
Dungeon (3/15)

Altars:


Innate Abilities, Weirdness & Mutations

You cannot be hasted, slowed, berserked, paralysed or teleported.
You can dig through walls and to a lower floor.
You have a pair of large antennae on your head. (SInv)
Your four strong arms can wield two-handed weapons with a shield.


Message History

It is a scroll of enchant armour.
Your +0 leather armour glows green for a moment.
Your hobgoblin says, "dracfodder, I like you."
You swap places.
You swap places.
You now have 112 gold pieces (gained 15).
You swap places.
Your endoplasm dissolves into shadows!
Your adder dissolves into shadows!
Your ball python dissolves into shadows!
You sense a monster nearby.
A dart slug comes into view.
Found a stone staircase leading down.
Your hobgoblin dissolves into shadows!
The dart slug barely misses you.
You hit the dart slug.
The dart slug is heavily wounded.
The dart slug launches a dart at you. The slug dart misses you.
You hit the dart slug.
The dart slug is severely wounded.
The dart slug barely misses you.
You slash the dart slug!
You kill the dart slug!
Lugonu accepts your kill.
Your Fighting skill increases to level 4!
j - a grey potion
There is a stone staircase leading down here.
You climb downwards.
Found 7 gold pieces and a scroll labelled CUFA SOGHAY.
There is a stone staircase leading up here.
You hit the ogre.
The ogre is lightly wounded.
The ogre hits you with a +0 giant club!!
Ouch! That really hurt!
* * * LOW HITPOINT WARNING * * *
You closely miss the ogre.
The ogre is lightly wounded.
The ogre hits you with a +0 giant club!
You die...

#....# #.?..#
#....# #....#
#....# #....#
####....######
#.....@O.....#
#.......$.##.#
+.........+
#.........#
#.........#
#.........#
#.........#
#.........#


You could see an ogre.

Vanquished Creatures
  A dart slug (D:2)
  3 ball pythons (D:1)
  2 endoplasms (D:1)
  A giant cockroach (D:2)
  3 goblins (D:1)
  6 hobgoblins
  2 quokkas
  A bat (D:1)
  A frilled lizard (D:1)
  2 kobolds (D:2)
22 creatures vanquished.

Notes
Turn   | Place    | Note
-------+----------+-------------------------------------------
     0 | Abyss:1  | dracfodder the Formicid Abyssal Knight began the quest for
                  | the Orb.
     0 | Abyss:1  | Reached XP level 1. HP: 18/18 MP: 2/2
    20 | D:1      | Escaped the Abyss
   102 | D:1      | Reached * piety under Lugonu
   141 | D:1      | Reached XP level 2. HP: 20/24 MP: 3/3
   897 | D:1      | Found a faded altar of an unknown god.
  1147 | D:2      | Reached skill level 1 in Dodging
  1157 | D:2      | HP: 1/25 [hobgoblin (3)]
  1159 | D:2      | Reached XP level 3. HP: 2/30 MP: 4/4
  1635 | D:2      | Reached skill level 4 in Fighting
  1647 | D:3      | Noticed an ogre
  1649 | D:3      | Mangled by an ogre

Illustrated notes

Levels and vault maps discovered:
D:1:      eino_arrival_water_cross, layout_basic,
          chequers_ecumenical_altar_simple
D:2:      layout_basic
D:3:      layout_basic, uniq_natasha

Skill      XL: |  1  2  3 |
---------------+----------+-----
Dodging        | 1 |  1.0
Fighting       | 4 |  4.0
Axes           | |  2.3
Armour         | |  2.4
Stealth        | |  0.3
Invocations    | |  2.4

Action                   || total
-------------------------++-------
Melee: Hand axe          ||    68
Invok: Depart the Abyss  ||     1
  Use: Potion            ||     1
       Scroll            ||     3
Armor: Leather armour    ||    19
Dodge: Dodged            ||    38

Table legend: (Time is in decaauts)
 A = Elapsed time spent in this place.
 B = Non-inter-level travel time spent in this place.
 C = Inter-level travel time spent in this place.
 D = Time resting spent in this place.
 E = Time spent auto-exploring this place.
 F = Levels seen in this place.
 G = Mean time per level.
                   A        B        C        D        E       F      G
               +--------+--------+--------+--------+--------+-----+--------+
         Total |   1663 |   1609 |     54 |    278 |   1059 |   4 |  415.8 |
       Dungeon |   1643 |   1589 |     54 |    278 |   1059 |   3 |  547.7 |
         Abyss |     20 |     20 |      0 |      0 |      0 |   1 |   20.0 |
               +--------+--------+--------+--------+--------+-----+--------+

Top non-repeatable levels by time:
     D:1: 1112 daAuts
     D:2: 528 daAuts
 Abyss:1: 20 daAuts
     D:3: 2 daAuts
